 Dungeon Crawl Stone Soup version 0.27-a0-200-g8ba017916c (webtiles) character file.

Game seed: 10019938549029411767

535 vurker the Insei (level 7, 0/36 HPs)
             Began as a Vine Stalker Enchanter on Jan 29, 2021.
             Slain by an ice beast (3 damage)
             ... on level 5 of the Dungeon.
             The game lasted 00:06:46 (4495 turns).

vurker the Insei (Vine Stalker Enchanter)           Turns: 4495, Time: 00:06:47

Health: 0/36       AC:  5    Str: 13    XL:     7   Next: 25%
Magic:  0/11       EV:  8    Int: 15    God:
Gold:   220        SH:  8    Dex: 14    Spells: 9/10 levels left

rFire    x . .     SeeInvis .     - Unarmed
rCold    + . .     Faith    .   a - +0 kite shield
rNeg     . . .     Spirit   +   j - +0 ring mail
rPois    .         Reflect  .   (no helmet)
rElec    .         Harm     .   (no cloak)
rCorr    .         Rampage  .   (no gloves)
Will     .....                  (no boots)
Stlth    ++........             (no amulet)
HPRegen  0.52/turn              v - ring of ice
MPRegen  0.12/turn              (no ring)

@: no status effects
A: fangs 2, regeneration 1, magic shield, antimagic bite, no potion heal 3
a: no special abilities


You were on level 5 of the Dungeon.
You visited 1 branch of the dungeon, and saw 5 of its levels.
You also visited: Sewer.

You collected 220 gold pieces.

Inventory:

Hand Weapons
 n - a +1 vampiric dagger
   (You took it off a kobold on level 2 of the Dungeon)
Armour
 a - a +0 kite shield (worn)
   (You found it on level 2 of the Dungeon)
 b - a +0 pair of gloves
   (You found it on level 2 of the Dungeon)
 j - a +0 ring mail (worn)
   (You found it on level 1 of the Dungeon)
Jewellery
 v - a ring of ice (left hand)
   (You found it on level 4 of the Dungeon)
Wands
 t - a wand of flame (16)
   (You found it on level 3 of the Dungeon)
Scrolls
 d - a scroll of enchant armour {unknown}
 e - 4 scrolls of amnesia {unknown}
 f - 8 scrolls of identify
 g - 2 scrolls of noise {unknown}
 l - 2 scrolls of enchant weapon {unknown}
 m - 4 scrolls of fear {unknown}
 o - 2 scrolls of remove curse {unknown}
 q - a scroll of teleportation {unknown}
 s - 3 scrolls of immolation {unknown}
Potions
 c - 2 potions of degeneration {unknown}
 h - a potion of invisibility
 i - 2 potions of lignification {unknown}
 k - 7 potions of curing {unknown}
 r - a potion of magic {unknown}
 u - a potion of flight {unknown}


   Skills:
 + Level 3.3 Fighting
 - Level 0.8 Short Blades
 - Level 1.5 Dodging
 - Level 3.6 Stealth
 + Level 2.3 Shields
 * Level 5.4 Unarmed Combat
 - Level 2.1 Spellcasting
 - Level 3.0 Hexes


You had 9 spell levels left.
You knew the following spells:

 Your Spells              Type           Power        Failure   Level
a - Corona                Hex            11%          58%         1

Your spell library contained the following spells:

 Spells                   Type           Power        Failure   Level
 Ensorcelled Hibernation  Hex/Ice        18%          90%         2
 Confusing Touch          Hex            10%          91%         3
 Tukima's Dance           Hex            10%          91%         3
 Dazzling Flash           Conj/Hex       12%          99%         3


Dungeon Overview and Level Annotations

Branches:
Dungeon (5/15)              Sewer (visited)
 Temple: D:4-7

Altars:
Cheibriados
Gozag
Hepliaklqana
Okawaru
Qazlal
Sif Muna
Zin
The Shining One


Innate Abilities, Weirdness & Mutations

You have extremely sharp teeth.
Your natural rate of healing is unusually fast.
When hurt, damage is shared between your health and your magic reserves.
Your bite disrupts and absorbs the magic of your enemies.
Potions cannot restore your health.


Message History

Your shield and ring mail prevent you from hitting the ice beast.
Your bite misses the ice beast.
The ice beast hits you but does no damage.
You barely miss the ice beast.
You bite the ice beast, but do no damage.
The ice beast hits you but does no damage.
You hit the ice beast but do no damage. The ice beast hits you.
The ice beast freezes you!
You barely miss the ice beast.
The ice beast hits you but does no damage. x2
You hit the ice beast. You block the ice beast's attack.
You hit the ice beast. You block the ice beast's attack.
You hit the ice beast but do no damage. Your bite misses the ice beast.
The ice beast barely misses you.
You barely miss the ice beast.
You bite the ice beast, but do no damage.
The ice beast misses you.
You hit the ice beast. The ice beast closely misses you.
You hit the ice beast. You bite the ice beast. You drain its power.
You feel invigorated. The ice beast barely misses you.
The ice beast hits you but does no damage.
You hit the ice beast.
You bite the ice beast, but do no damage.
The ice beast barely misses you.
You closely miss the ice beast. The ice beast hits you.
The ice beast freezes you!
You closely miss the ice beast.
The ice beast hits you but does no damage.
You hit the ice beast.
You bite the ice beast, but do no damage.
The ice beast hits you. The ice beast freezes you!
* * * LOW HITPOINT WARNING * * *
You hit the ice beast but do no damage. The ice beast hits you.
* * * LOW HITPOINT WARNING * * *
The ice beast freezes you!
* * * LOW HITPOINT WARNING * * *
You feel more attuned to ice.
v - a ring of ice (left hand)
You block the ice beast's attack.
You punch the ice beast!
You bite the ice beast, but do no damage.
The ice beast hits you but does no damage.
You closely miss the ice beast.
You bite the ice beast, but do no damage.
The ice beast closely misses you.
You closely miss the ice beast. You block the ice beast's attack.
You hit the ice beast but do no damage. The ice beast hits you.
* * * LOW HITPOINT WARNING * * *
The ice beast freezes you. You resist.
You die...

##+# #.# ##...#
#.# #.....# ###.#
......Y## ##.#.#
.......@####....#
........'!......#
........####....#
.......## ##.#.##
#.....# ##.#.##
##...# #.###.#
##+# ##.#.##
##<.# ##.#


You could see an ice beast.

Vanquished Creatures
  A big kobold (Sewer)
  A centaur skeleton (D:3)
  An orc priest (D:3)
  2 orc wizards (D:4)
  2 worker ants (D:4)
  8 adders
  8 river rats
  3 oozes
  3 worms
  3 dart slugs
  2 leopard geckos
  5 orcs
  7 ball pythons
  4 giant cockroaches
  11 goblins
  8 hobgoblins
  4 jackals
  24 kobolds
  A quokka (D:2)
  10 bats
  3 frilled lizards
  A leopard gecko skeleton (D:4)
  24 rats
136 creatures vanquished.

Vanquished Creatures (others)
  An orc wizard (D:4)
1 creature vanquished.

Grand Total: 137 creatures vanquished

Notes
Turn   | Place    | Note
-------+----------+-------------------------------------------
     0 | D:1      | vurker the Vine Stalker Enchanter began the quest for the
                  | Orb.
     0 | D:1      | Reached XP level 1. HP: 9/9 MP: 4/4
    53 | D:1      | Reached skill level 1 in Unarmed Combat
    56 | D:1      | Reached XP level 2. HP: 7/14 MP: 4/6
   666 | D:1      | Reached skill level 1 in Fighting
   670 | D:1      | Reached skill level 2 in Unarmed Combat
   687 | D:1      | Reached XP level 3. HP: 18/18 MP: 7/7
  1558 | D:2      | Found a stormy altar of Qazlal.
  1558 | D:2      | Found a snail-covered altar of Cheibriados.
  1577 | D:2      | Gained mutation: Your natural rate of healing is unusually
                  | fast. [Vine Stalker growth]
  1577 | D:2      | Reached XP level 4. HP: 8/22 MP: 4/8
  1745 | D:2      | Reached skill level 3 in Unarmed Combat
  2186 | D:2      | Reached XP level 5. HP: 26/26 MP: 9/9
  2325 | D:3      | Found a snail-covered altar of Cheibriados.
  2574 | D:3      | Reached skill level 1 in Shields
  2574 | D:3      | Reached skill level 4 in Unarmed Combat
  2795 | D:3      | Found a hazy altar of Hepliaklqana.
  2803 | D:3      | Found a glowing silver altar of Zin.
  2805 | D:3      | Found a shimmering blue altar of Sif Muna.
  2806 | D:3      | Found an iron altar of Okawaru.
  2807 | D:3      | Found a glowing golden altar of the Shining One.
  2807 | D:3      | Found an opulent altar of Gozag.
  3011 | D:4      | Reached XP level 6. HP: 10/32 MP: 5/10
  3202 | D:4      | Found a glowing drain.
  3220 | Sewer    | Entered a sewer
  3628 | Sewer    | Reached skill level 5 in Unarmed Combat
  3831 | Sewer    | Reached XP level 7. HP: 33/36 MP: 9/11
  4455 | D:5      | Entered Level 5 of the Dungeon
  4495 | D:5      | Slain by an ice beast

Illustrated notes

Levels and vault maps discovered:
D:1:      amcnicky_arrival_choice, layout_basic, st_stairs_9, minivault_11
D:2:      layout_loops_ring, gammafunk_temple_overflow_pools
D:3:      layout_basic, grunt_temple_overflow_open, kennysheep_slug_shrine
D:4:      layout_basic, portal_sewer_entry_b, serial_park_tiny_1
D:5:      layout_loops_corners, temple_fountains, enter_ossuary_2,
          uniq_blork_the_orc

Skill      XL: |  1  2  3  4  5  6 |
---------------+-------------------+-----
Unarmed Combat | 1 2 3 4 5 |  5.4
Fighting       | 1 2 3 |  3.3
Shields        | 1 2 |  2.3
Short Blades   | |  0.8
Dodging        | |  1.5
Stealth        | |  3.6
Spellcasting   | |  2.1
Hexes          | |  3.0

Action                   |  1- 3 |  4- 6 |  7- 9 || total
-------------------------+-------+-------+-------++-------
Melee: Dagger            |   139 |   174 |       ||   313
       Bite              |    35 |    96 |    15 ||   146
       Punch             |     1 |     1 |       ||     2
       Unarmed           |       |   210 |    56 ||   266
  Use: Scroll            |       |       |     1 ||     1
 Stab: Sleeping          |     4 |     6 |     2 ||    12
Armor: Robe              |    12 |       |       ||    12
       Ring mail         |    20 |   157 |    18 ||   195
Dodge: Dodged            |    71 |   152 |    13 ||   236
Block: Kite shield       |       |   140 |    21 ||   161

Table legend: (Time is in decaauts)
 A = Elapsed time spent in this place.
 B = Non-inter-level travel time spent in this place.
 C = Inter-level travel time spent in this place.
 D = Time resting spent in this place.
 E = Time spent auto-exploring this place.
 F = Levels seen in this place.
 G = Mean time per level.
                   A        B        C        D        E       F      G
               +--------+--------+--------+--------+--------+-----+--------+
         Total |   4588 |   4480 |    108 |      0 |   3242 |   6 |  764.7 |
       Dungeon |   3732 |   3624 |    108 |      0 |   2767 |   5 |  746.4 |
         Sewer |    855 |    855 |      0 |      0 |    474 |   1 |  855.0 |
               +--------+--------+--------+--------+--------+-----+--------+

Top non-repeatable levels by time:
     D:1: 1334 daAuts
     D:2: 943 daAuts
   Sewer: 855 daAuts
     D:4: 780 daAuts
     D:3: 632 daAuts
     D:5: 42 daAuts
